[Event "Late-Titled-Tuesday-Blitz-March-19-2024"]
[Site "Chess.com"]
[Date "2024.03.19"]
[Round "5"]
[White "BrandonJiang123456"]
[Black "emeli_chess"]
[Result "1-0"]
[WhiteElo "2188"]
[BlackElo "2405"]
[TimeControl "180+1"]
[EndTime "14:53:16 PDT"]
[Termination "BrandonJiang123456 won by checkmate"]

1. e4 c5 2. Nf3 d6 3. Bb5+ Nd7 4. d4 cxd4 5. Qxd4 a6 6. Bxd7+ Bxd7 7. Nc3 e5 8. Qd3 Rc8 9. Nd2 Be6 10. O-O h6 11.
Rd1 Nf6 12. Nf1 Be7 13. Ne3 O-O 14. a4 Qa5 15. Bd2 Qc7 16. Be1 Rfd8 17. Qe2 Bc4 18. Qf3 Qc6 19. Nf5 Kf8 20. Bd2 h5 21. Bg5 d5 22.
Nxe7 Kxe7 23. exd5 Qc5 24. Ne4 Qb6 25. d6+ Kf8 26. Bxf6 gxf6 27. Qxf6 Ke8 28. Qe7# 1-0

[Event "Late-Titled-Tuesday-Blitz-March-19-2024"]
[Site "Chess.com"]
[Date "2024.03.19"]
[Round "5"]
[White "djano"]
[Black "Aram7Adam"]
[Result "1-0"]
[WhiteElo "2626"]
[BlackElo "2451"]
[TimeControl "180+1"]
[EndTime "14:53:21 PDT"]
[Termination "djano won by resignation"]

1. e4 c5 2. Nc3 Nc6 3. Bb5 e6 4.
Nf3 Nge7 5. O-O a6 6. Bxc6 Nxc6 7. d4 cxd4 8. Nxd4 Be7 9. Nxc6 bxc6 10. e5 O-O 11. Qg4 Qc7 12. Qg3 Kh8 13. Ne4 Bb7 14. Rd1 Rad8 15. Bg5 Bxg5 16. Qxg5 h6 17. Qg3 f5 18. Nd6 c5 19. c4 Kh7 20. h4 f4 21.
Qd3+ Kg8 22. Qg6 Qc6 23. Rd3 Ba8 24. Rad1 Rb8 25. b3 a5 26. f3 a4 27. Ne4 axb3 28.
Nf6+ Rxf6 29. exf6 1-0

[Event "Late-Titled-Tuesday-Blitz-March-19-2024"]
[Site "Chess.com"]
[Date "2024.03.19"]
[Round "5"]
[White "Heydarli77"]
[Black "GoltsevDmitry2000"]
[Result "1/2-1/2"]
[WhiteElo "2388"]
[BlackElo "2750"]
[TimeControl "180+1"]
[EndTime "14:53:25 PDT"]
[Termination "Game drawn by repetition"]

1. d4 e6 2. c4 Nf6 3. Nc3 d5 4. Bg5 c6 5. e3 h6 6. Bh4 g5 7. Bg3 Bb4 8. Qc2 Ne4 9. Bd3 Nxg3 10. hxg3 Nd7 11. Ne2 f5 12. a3 Bd6 13. cxd5 cxd5 14.
Nb5 Nf6 15. Nxd6+ Qxd6 16. Nc3 Bd7 17. Nb5 Bxb5 18. Bxb5+ Ke7 19. Rc1 a6 20. Bd3 Qd7 21.
Qc5+ Kf7 22. Qc7 Rac8 23. Qxd7+ Nxd7 24. Kd2 Kg7 25. Rc2 Nb6 26. Rhc1 Rxc2+ 27. Rxc2 Rc8 28. Rc3 Rxc3 29. Kxc3 Kf6 30. Kb4 Ke7 31. Ka5 Nc8 32. b4 Kd6 33. b5 axb5 34. Kxb5 Kc7 35. a4 Nd6+ 36. Kc5 b6+ 37. Kb4 Ne8 38. Bb5 Nf6 39. f3 Nh5 40. g4 fxg4 41. fxg4 Nf6 42. Be2 Ne4 43. Bd3 Nf2 44. Be2 Ne4 45. Bf3 Nf6 46. Be2 Ne4 1/2-1/2

[Event "Late-Titled-Tuesday-Blitz-March-19-2024"]
[Site "Chess.com"]
[Date "2024.03.19"]
[Round "5"]
[White "SuanFernandes"]
[Black "Lion-Al-Messi"]
[Result "0-1"]
[WhiteElo "2322"]
[BlackElo "2579"]
[TimeControl "180+1"]
[EndTime "14:53:28 PDT"]
[Termination "Lion-Al-Messi won by checkmate"]

1. d4 Nf6 2. c4 b6 3. Nf3 Bb7 4. e3 e6 5. Be2 Be7 6. O-O O-O 7. Nbd2 c5 8. b3 cxd4 9. Nxd4 Nc6 10. Bb2 Nxd4 11. Bxd4 d5 12. Bf3 Qd7 13. Rc1 dxc4 14. Bxb7 Qxb7 15. Nxc4 Rac8 16. Qe2 Rfd8 17. Rfd1 Nd5 18.
Qg4 Bf6 19. Bxf6 Nxf6 20. Qh4 h6 21. Qf4 Nd5 22. Qe5 b5 23. Nb2 b4 24. Nc4 Qe7 25. Rd3 Nc3 26. Rxd8+ Rxd8 27. Re1 Qd7 28. a3 Qd1 29.
Kf1 Qxe1+ 30. Kxe1 Rd1# 0-1

[Event "Late-Titled-Tuesday-Blitz-March-19-2024"]
[Site "Chess.com"]
[Date "2024.03.19"]
[Round "5"]
[White "NoSpaghettiForYou"]
[Black "teresin05"]
[Result "1-0"]
[WhiteElo "2428"]
[BlackElo "2180"]
[TimeControl "180+1"]
[EndTime "14:53:30 PDT"]
[Termination "NoSpaghettiForYou won by resignation"]

1. Nf3 d5 2. e3 Nf6 3. b3 c5 4. Bb2 Nc6 5. Bb5 Bd7 6. O-O e6 7. c4 a6 8. Bxc6 Bxc6 9. Ne5 Qc7 10. d3 Bd6 11. f4 Nd7 12. Nxc6 Qxc6 13. Nc3 O-O 14. Qf3 Nf6 15. e4 dxe4 16. dxe4 e5 17. f5 Rad8 18. g4 b5 19. g5 Nd7 20. Nd5 bxc4 21. bxc4 f6 22. gxf6 Nxf6 23. Rad1 Qa4 24. Nxf6+ Rxf6 25. Bxe5 Rh6 26. Bf4 Qxc4 27. Bxh6 gxh6 28.
e5 Be7 29. f6 Rxd1 30. Rxd1 Bf8 31. Qb3 Qxb3 32. axb3 Kf7 33. Rd8 Ke6 34. Rxf8 1-0

[Event "Late-Titled-Tuesday-Blitz-March-19-2024"]
[Site "Chess.com"]
[Date "2024.03.19"]
[Round "5"]
[White "DeArron_Fox"]
[Black "hblanco"]
[Result "0-1"]
[WhiteElo "2513"]
[BlackElo "2699"]
[TimeControl "180+1"]
[EndTime "14:53:31 PDT"]
[Termination "hblanco won on time"]

1. d4 d5 2. c4 c6 3. Nc3 Nf6 4. e3 g6 5. Nf3 Bg7 6. Be2 O-O 7.
O-O e6 8. b3 b6 9. a4 Bb7 10. Ba3 Re8 11. cxd5 exd5 12. b4 Nbd7 13. b5 c5 14. dxc5 bxc5 15. Rc1 Qa5 16. Nd2 c4 17. Bf3 Rac8 18. Ne2 Ne5 19. Nf4 Ne4 20. Bxe4 dxe4 21. Nb1 Nd3 22. Nxd3 exd3 23. Qe1 c3 24. Qd1 d2 25. Rc2 Qxa4 26. Bd6 Qe4 27. f3 Qxe3+ 28. Kh1 Qd3 29. Bg3 Bd5 0-1

[Event "Late-Titled-Tuesday-Blitz-March-19-2024"]
[Site "Chess.com"]
[Date "2024.03.19"]
[Round "5"]
[White "balack95"]
[Black "Longstom"]
[Result "1-0"]
[WhiteElo "2461"]
[BlackElo "2233"]
[TimeControl "180+1"]
[EndTime "14:53:31 PDT"]
[Termination "balack95 won on time"]

1. Nf3 c6 2. b3 d5 3. Bb2 e5 4. Bxe5 Nf6 5. g3 Be7 6. Bg2 O-O 7. O-O Nbd7 8. Bb2 Re8 9. d3 Nf8 10. Nbd2 Ng6 11. e4 dxe4 12. Nxe4 Bg4 13. h3 Nxe4 14.
dxe4 Bxf3 15. Bxf3 Qc8 16. Bg2 Qe6 17. Qg4 Bf6 18.
Qxe6 Rxe6 19. Bxf6 Rxf6 20. f4 Rd6 21. Rfd1 Rad8 22.
Bf3 Kf8 23. Kf1 Ke7 24. Rxd6 Rxd6 25. Ke2 Nf8 26. c3 Ne6 27. Rd1 Nc5 28. Rxd6 Kxd6 29. Ke3 a5 30. Bd1 a4 31. b4 Nb3 32. Bxb3 axb3 33. axb3 b6 34. Kd4 f6 35. e5+ Ke6 36. exf6 Kxf6 37. b5 cxb5 38. Kd5 Kf5 39. Kc6 Ke4 40.
Kxb5 Kd3 41. c4 1-0

[Event "Late-Titled-Tuesday-Blitz-March-19-2024"]
[Site "Chess.com"]
[Date "2024.03.19"]
[Round "5"]
[White "Franmu14"]
[Black "GHANDEEVAM2003"]
[Result "0-1"]
[WhiteElo "2723"]
[BlackElo "3034"]
[TimeControl "180+1"]
[EndTime "14:53:35 PDT"]
[Termination "GHANDEEVAM2003 won by resignation"]

1. e4 c6 2. Nc3 d5 3. exd5 cxd5 4.
d4 Nc6 5. Bf4 Bf5 6. h3 e6 7. g4 Bg6 8. Nge2 Bd6 9. Bg2 Nge7 10. O-O O-O 11. Qd2 Rc8 12. Bg3 Bxg3 13. Nxg3 Qb6 14.
Nce2 Qxb2 15. Rfc1 b6 16. h4 h6 17. h5 Bh7 18. g5 hxg5 19. Qxg5 f6 20. Qg4 Nf5 21. h6 Ncxd4 22. hxg7 Nxe2+ 23. Nxe2 Nxg7 24. Nf4 Bf5 25. Qg3 Rxc2 26. Re1 Qc3 27. Qh4 Kf7 28. Rad1 Rg8 29.
Re3 Qc5 30. Rxd5 exd5 31. Nxd5 Rc1+ 32. Kh2 Qd6+ 33. f4 Rc2 34. Re7+ Kf8 35. Qe1 Rxg2+ 36. Kh1 Qxd5 0-1

[Event "Late-Titled-Tuesday-Blitz-March-19-2024"]
[Site "Chess.com"]
[Date "2024.03.19"]
[Round "5"]
[White "MagnusCarlsen"]
[Black "yosephtaher"]
[Result "1-0"]
[WhiteElo "3261"]
[BlackElo "2961"]
[TimeControl "180+1"]
[EndTime "14:53:37 PDT"]
[Termination "MagnusCarlsen won by resignation"]

1. h4 h5 2. e4 c6 3. c4 d5 4.
exd5 cxd5 5. d4 Nf6 6. Nc3 e6 7.
Nf3 Be7 8. Bd3 b6 9. cxd5 Nxd5 10. Ne5 Bb7 11. Qf3 Bf6 12. Bg5 Qe7 13. Be4 Na6 14.
O-O Rd8 15. Nxd5 Bxd5 16. Bxd5 Rxd5 17. Rac1 O-O 18. Nc6 Qd6 19. Bxf6 gxf6 20. Qxf6 Kh7 21. Ne5 Rxd4 22. Nxf7 Qf4 23. Ng5+ Kg8 24. Qg6+ 1-0

[Event "Late-Titled-Tuesday-Blitz-March-19-2024"]
[Site "Chess.com"]
[Date "2024.03.19"]
[Round "5"]
[White "stregachess"]
[Black "Orest_Vovk"]
[Result "0-1"]
[WhiteElo "2018"]
[BlackElo "2495"]
[TimeControl "180+1"]
[EndTime "14:53:37 PDT"]
[Termination "Orest_Vovk won by resignation"]

1. d4 Nc6 2. Nf3 e5 3. d5 e4 4. Ng5 Ne5 5. Nxe4 f5 6. Nec3 Bc5 7. g3 Nf6 8. Bg2 d6 9. O-O h5 10. Bg5 h4 11. e4 hxg3 12. hxg3 Nf7 13. Qd2 Nxg5 14. Qxg5 Kf7 15. exf5 Rh5 16. Qf4 Rxf5 17.
Qd2 Ng4 18. Ne4 Qh8 19. Ng5+ Rxg5 20. Re1 Qh2+ 0-1

[Event "Late-Titled-Tuesday-Blitz-March-19-2024"]
[Site "Chess.com"]
[Date "2024.03.19"]
[Round "5"]
[White "DenLaz"]
[Black "kassablanca"]
[Result "1-0"]
[WhiteElo "3102"]
[BlackElo "2740"]
[TimeControl "180+1"]
[EndTime "14:53:40 PDT"]
[Termination "DenLaz won by resignation"]

1. d4 d5 2. c4 e6 3. Nf3 Nf6 4.
g3 c5 5. cxd5 exd5 6. Bg2 Nc6 7.
O-O Be7 8. dxc5 Bxc5 9. Nc3 O-O 10. a3 a5 11. Bf4 h6 12. Rc1 Bb6 13. Ne5 Re8 14.
Nd3 Bg4 15. h3 Bf5 16. Nb5 Ne4 17. g4 Bg6 18. Bh2 Qh4 19. Nc7 Bxc7 20. Bxc7 h5 21. Nf4 Ne7 22. Nxg6 Nxg6 23. Qxd5 Nf6 24. Qxb7 hxg4 25. Bg3 Qh6 26. hxg4 Nxg4 27. Qd7 Nf6 28. Qb5 Nf4 29. Bxf4 Qxf4 30. Bxa8 Re5 31. Rc8+ Kh7 32. Qd3+ g6 33. Bg2 Ng4 34. Qg3 Qf5 35. Rc4 1-0

[Event "Late-Titled-Tuesday-Blitz-March-19-2024"]
[Site "Chess.com"]
[Date "2024.03.19"]
[Round "5"]
[White "KNVB"]
[Black "GMAneta"]
[Result "1-0"]
[WhiteElo "2807"]
[BlackElo "2617"]
[TimeControl "180+1"]
[EndTime "14:53:44 PDT"]
[Termination "KNVB won by checkmate"]

1. e4 c5 2. Nf3 Nc6 3. c3 d5 4.
d3 Nf6 5. Nbd2 Bg4 6. Be2 g6 7. h3 Bxf3 8. Bxf3 Bg7 9. O-O O-O 10. exd5 Nxd5 11. Nc4 Qd7 12. Re1 Rfd8 13. a4 Nb6 14. Nxb6 axb6 15. Be2 Ne5 16. Bf4 Qf5 17. Bxe5 Bxe5 18.
Bf1 Rd7 19. Qb3 Qf6 20. Re3 h5 21. Rf3 c4 22. Qxc4 Qg7 23. d4 Bd6 24. Re1 Rc7 25.
Qb3 h4 26. Bc4 e6 27. Bxe6 fxe6 28. Qxe6+ Kh7 29. Qxd6 Rxa4 30. Rfe3 Kh6 31. Qf4+ g5 32. Re6+ Kh7 33. Qe4+ Kg8 34. Re8+ Kf7 35. Qe6# 1-0

[Event "Late-Titled-Tuesday-Blitz-March-19-2024"]
[Site "Chess.com"]
[Date "2024.03.19"]
[Round "5"]
[White "HajiyevKanan"]
[Black "Mikhail_Bryakin"]
[Result "0-1"]
[WhiteElo "2515"]
[BlackElo "2704"]
[TimeControl "180+1"]
[EndTime "14:53:46 PDT"]
[Termination "Mikhail_Bryakin won by resignation"]

1. d4 Nf6 2. Nf3 b5 3. g3 Bb7 4. Bg2 g6 5. O-O Bg7 6. b3 b4 7. Bb2 O-O 8. c4 d5 9. Nbd2 a5 10.
a3 Na6 11. c5 Nd7 12. a4 c6 13. Ra2 Nc7 14. Ne1 Ba6 15. Kh1 e5 16. Ndf3 e4 17. Nd2 f5 18. f4 exf3 19. Ndxf3 Ne6 20. Rf2 Qc7 21. e3 Rae8 22. Nc2 Nf6 23. Ne5 Ne4 24. Bxe4 fxe4 25. Rxf8+ Rxf8 26. Qg4 Rf5 27. Ra1 Bxe5 28. dxe5 Qf7 29. Nd4 Rf1+ 30. Kg2 Rf2+ 31. Kh3 Bc8 32. Re1 Ng5+ 0-1

[Event "Late-Titled-Tuesday-Blitz-March-19-2024"]
[Site "Chess.com"]
[Date "2024.03.19"]
[Round "5"]
[White "MYMChessAcademy"]
[Black "Dr_Pepper18"]
[Result "1-0"]
[WhiteElo "2273"]
[BlackElo "2426"]
[TimeControl "180+1"]
[EndTime "14:53:46 PDT"]
[Termination "MYMChessAcademy won by resignation"]

1. e4 c5 2. Nf3 d6 3. d4 cxd4 4.
Nxd4 Nf6 5. Nc3 a6 6. Be2 e5 7. Nb3 Be7 8. O-O O-O 9. Qd3 b5 10. Bd2 Bb7 11. Nd5 Nxd5 12. exd5 Nd7 13. a4 Nf6 14.
Bf3 Qd7 15. Na5 Rac8 16. Nxb7 Qxb7 17. axb5 Qxb5 18. Qxb5 axb5 19. c3 e4 20. Be2 Nxd5 21.
Bxb5 Rb8 22. c4 Nc7 23. Ra7 Bd8 24. Bc6 Rxb2 25. Be3 Ne6 26. Bxe4 Bf6 27. Ra6 Be5 28. f4 Re2 29. fxe5 Rxe3 30. Bd5 dxe5 31. Rxe6 g6 32.
Re7 1-0

[Event "Late-Titled-Tuesday-Blitz-March-19-2024"]
[Site "Chess.com"]
[Date "2024.03.19"]
[Round "5"]
[White "shirovin"]
[Black "Julianos82"]
[Result "0-1"]
[WhiteElo "2046"]
[BlackElo "2398"]
[TimeControl "180+1"]
[EndTime "14:53:50 PDT"]
[Termination "Julianos82 won by resignation"]

1. e4 c5 2. Nf3 b6 3. g3 Bb7 4. Nc3 e6 5. Bg2 Nc6 6. O-O a6 7.
Re1 Nge7 8. d4 cxd4 9. Nxd4 Nxd4 10. Qxd4 Nc6 11. Qd1 Bb4 12. Bd2 O-O 13. a3 Bxc3 14.
Bxc3 d6 15. Qg4 e5 16. Rad1 Qc7 17. h4 Rfd8 18. h5 h6 19. Bd2 Kh8 20. c3 Na5 21. Bc1 b5 22. Rd3 Nc4 23. Red1 Qc5 24. Qf5 Qc7 25. f4 Qe7 26. Rf1 Bc8 27. fxe5 Bxf5 28.
exf5 dxe5 29. Bxa8 Rxd3 30. Kh2 e4 31. Re1 e3 32. b3 Nd2 33. Kh3 Qg5 0-1

[Event "Late-Titled-Tuesday-Blitz-March-19-2024"]
[Site "Chess.com"]
[Date "2024.03.19"]
[Round "5"]
[White "Gentlejimmy7"]
[Black "MikaelyanArman"]
[Result "0-1"]
[WhiteElo "2649"]
[BlackElo "2848"]
[TimeControl "180+1"]
[EndTime "14:53:51 PDT"]
[Termination "MikaelyanArman won by resignation"]

1. c4 Nf6 2. g3 g6 3. b3 Bg7 4. Bb2 O-O 5. Bg2 a5 6. Nc3 c6 7. Nf3 d5 8. d4 a4 9. Nxa4 dxc4 10. O-O cxb3 11. axb3 Nbd7 12. Nc5 Rxa1 13. Qxa1 Qb6 14.
Ba3 Nxc5 15. Bxc5 Qxb3 16. Bxe7 Re8 17. Bd6 Ne4 18. Be5 Nc3 19. e3 Bxe5 20. Nxe5 f6 21.
Nf3 Bf5 22. Kh1 Bd3 23. Rc1 Ne2 24. Re1 Nc3 25. Rc1 Ne4 26. Kg1 Bc2 27. Ne1 Nxf2 28. Rxc2 Ne4 29. Qa2 Qxa2 30. Rxa2 Nc3 31. Ra3 Rxe3 32.
Kf2 Nd1+ 0-1

[Event "Late-Titled-Tuesday-Blitz-March-19-2024"]
[Site "Chess.com"]
[Date "2024.03.19"]
[Round "5"]
[White "diamonds13"]
[Black "xasid81"]
[Result "0-1"]
[WhiteElo "2367"]
[BlackElo "2601"]
[TimeControl "180+1"]
[EndTime "14:53:54 PDT"]
[Termination "xasid81 won by resignation"]

1. d4 d5 2. c4 c6 3. cxd5 cxd5 4.
Bf4 Nc6 5. e3 Nf6 6. Nc3 e6 7.
Bd3 Bd6 8. Nge2 Bxf4 9. exf4 a6 10. O-O O-O 11. Rc1 Bd7 12. Na4 Nb4 13. Nc5 Nxa2 14. Nxb7 Qb6 15. Nc5 Nxc1 16. Qxc1 Bb5 17. Rd1 Bxd3 18.
Rxd3 Rfc8 19. Rc3 Rcb8 20. b3 Ne4 21. Nxe4 dxe4 22. Qc2 Qb7 23. Ng3 Qd5 24. Rc5 Qxd4 25. h4 e3 26. fxe3 Qxe3+ 27. Kh2 Qxf4 28. Rc4 Qd6 29.
h5 h6 30. Kh3 Rb5 31. Rc8+ Rxc8 32. Qxc8+ Qf8 33. Qxa6 Rxb3 34. Qc4 Qb8 0-1

[Event "Late-Titled-Tuesday-Blitz-March-19-2024"]
[Site "Chess.com"]
[Date "2024.03.19"]
[Round "5"]
[White "BilodeauA"]
[Black "jcibarra"]
[Result "1/2-1/2"]
[WhiteElo "3059"]
[BlackElo "2932"]
[TimeControl "180+1"]
[EndTime "14:53:58 PDT"]
[Termination "Game drawn by agreement"]

1. e4 c5 2. Nf3 e6 3. Nc3 Nc6 4. h3 Nf6 5. e5 Nd5 6. Bb5 Nxc3 7.
dxc3 Qc7 8. Qe2 h6 9. h4 Be7 10. a4 b6 11. h5 Bb7 12. O-O O-O 13. Bd3 Na5 14. Bf4 f5 15. c4 Bxf3 16. Qxf3 Nc6 17.
Qg3 Bg5 18. Rfe1 Qd8 19. Be2 Nd4 20. Bd1 Bxf4 21. Qxf4 Qg5 22. Qxg5 hxg5 23. c3 Nc6 24. Bf3 Rac8 25. Bxc6 dxc6 26. Rad1 Rfd8 27. g3 Kf7 28. Kg2 Ke7 29. Kf3 Rxd1 30. Rxd1 Rd8 31. Rxd8 Kxd8 32. g4 1/2-1/2

[Event "Late-Titled-Tuesday-Blitz-March-19-2024"]
[Site "Chess.com"]
[Date "2024.03.19"]
[Round "5"]
[White "CheckThis4"]
[Black "rodp92"]
[Result "1-0"]
[WhiteElo "2668"]
[BlackElo "2482"]
[TimeControl "180+1"]
[EndTime "14:53:58 PDT"]
[Termination "CheckThis4 won by resignation"]

1. e4 c5 2. Nf3 e6 3. d4 cxd4 4. Nxd4 Nf6 5. Nc3 d6 6. g4 h6 7. Rg1 Nc6 8. Be3 Bd7 9. Qd2 Nxd4 10. Bxd4 Bc6 11. f3 e5 12. Be3 g5 13. O-O-O Be7 14. Bc4 Qa5 15. Bb3 a6 16. Kb1 Rc8 17. h4 gxh4 18.
Bxh6 Bd7 19. Bg7 Rg8 20. Bxf6 Bxf6 21. Qxd6 Qd8 22. Nd5 Rg6 23. Nxf6+ Rxf6 24. Qxe5+ Kf8 25. f4 Qe7 26. Qxe7+ Kxe7 27. f5 Bc6 28. e5 Rh6 29. g5 Rh5 30. f6+ Kf8 31. g6 Rxe5 32. gxf7 1-0

[Event "Late-Titled-Tuesday-Blitz-March-19-2024"]
[Site "Chess.com"]
[Date "2024.03.19"]
[Round "5"]
[White "egnfanclub"]
[Black "Noki102"]
[Result "0-1"]
[WhiteElo "2384"]
[BlackElo "2575"]
[TimeControl "180+1"]
[EndTime "14:53:58 PDT"]
[Termination "Noki102 won by checkmate"]

1. e4 e5 2. Nf3 Nc6 3. Bc4 Nf6 4. d4 exd4 5. O-O Nxe4 6. Re1 d5 7.
Nc3 dxc4 8. Rxe4+ Be7 9. Nxd4 O-O 10. Nxc6 bxc6 11. Qxd8 Bxd8 12. Rxc4 Bb7 13. Bf4 Rc8 14. Be3 a6 15. Rb4 Ba8 16. Ne4 Be7 17. Bc5 Rfe8 18. Rd1 Bd8 19. Rbd4 f5 20. Ng3 Bf6 21. Rd7 Bxb2 22.
Nxf5 Bf6 23. Be7 Kf7 24. Bxf6+ Kxf6 25. Nxg7 Re5 26. g4 c5 27. Nh5+ Kg6 28. Rg7+ Kh6 29. Rdd7 Re1# 0-1

[Event "Late-Titled-Tuesday-Blitz-March-19-2024"]
[Site "Chess.com"]
[Date "2024.03.19"]
[Round "5"]
[White "mitrabhaa"]
[Black "vladislavkovalev"]
[Result "1-0"]
[WhiteElo "3067"]
[BlackElo "2876"]
[TimeControl "180+1"]
[EndTime "14:54:00 PDT"]
[Termination "mitrabhaa won by checkmate"]

1. Nf3 Nf6 2. c4 e6 3. Nc3 d5 4. e3 Be7 5. b3 O-O 6. Bb2 b6 7. cxd5 exd5 8. d4 Bb7 9. Bd3 Nbd7 10. O-O a6 11. Rc1 Bd6 12. Ne2 Re8 13. Ng3 g6 14. Rc2 Qe7 15. Qa1 Ne4 16. Rfc1 c5 17. dxc5 bxc5 18. Bxe4 dxe4 19. Nd2 Qe6 20. Nc4 Bf8 21.
Rd2 Nb6 22. Nxb6 Qxb6 23. Rcd1 Rad8 24. Nf1 Rxd2 25. Nxd2 Rd8 26. Nc4 Qc7 27. h3 Rd5 28. Qc1 Qd7 29. Rxd5 Qxd5 30. Qc3 Qd1+ 31. Kh2 Bd6+ 32.
g3 Kf8 33. Qh8+ Ke7 34. Qf6+ Kd7 35. Qxf7+ Kc6 36. Na5+ Kb5 37. Qxb7+ Kxa5 38. Bc3# 1-0

[Event "Late-Titled-Tuesday-Blitz-March-19-2024"]
[Site "Chess.com"]
[Date "2024.03.19"]
[Round "5"]
[White "Quattroporte300"]
[Black "Bryanl106"]
[Result "0-1"]
[WhiteElo "2508"]
[BlackElo "2682"]
[TimeControl "180+1"]
[EndTime "14:54:02 PDT"]
[Termination "Bryanl106 won by resignation"]

1. e4 e5 2. Nf3 Nc6 3. d4 exd4 4.
Nxd4 Bb4+ 5. c3 Bc5 6. Be3 Bb6 7. Nf5 Bxe3 8. Nxe3 d6 9. Bc4 Nf6 10. Nd2 O-O 11. O-O Be6 12. f3 Bxc4 13. Ndxc4 b5 14. Nd2 d5 15. exd5 Nxd5 16. Nxd5 Qxd5 17. Ne4 Rad8 18. Qxd5 Rxd5 19. Rad1 Rfd8 20. Rxd5 Rxd5 21. Re1 Kf8 22. Kf2 h6 23. Re2 Ne5 24. b3 f5 25.
Ng3 f4 26. Ne4 Nd3+ 27. Kf1 Nc1 28. Rc2 Rd1+ 29. Kf2 Rh1 30. Nc5 Ke7 31. h3 Kd6 32. b4 Kd5 33. Rd2+ Kc4 34. Rc2 Nd3+ 35. Nxd3 Kxd3 36. Re2 Kxc3 37. Re7 Kxb4 38. Rxc7 a5 39. Rxg7 Ra1 40. Rf7 Rxa2+ 41. Kg1 a4 42. Rxf4+ Kb3 43. Rh4 a3 44. Rxh6 Ra1+ 45. Kh2 b4 46. Ra6 Rc1 47. h4 a2 48. h5 a1=Q 49. Rxa1 Rxa1 50. g4 Kc3 51. h6 Ra8 52. g5 b3 53. g6 b2 54. g7 b1=Q 0-1

[Event "Late-Titled-Tuesday-Blitz-March-19-2024"]
[Site "Chess.com"]
[Date "2024.03.19"]
[Round "5"]
[White "stollenmonster"]
[Black "TregubovP"]
[Result "0-1"]
[WhiteElo "2882"]
[BlackElo "2682"]
[TimeControl "180+1"]
[EndTime "14:54:03 PDT"]
[Termination "TregubovP won by checkmate"]

1. e4 c5 2. Nf3 e6 3. Be2 Nc6 4.
c4 Nf6 5. Nc3 d5 6. exd5 exd5 7.
d4 Be6 8. cxd5 Nxd5 9. O-O Nxc3 10. bxc3 Be7 11. Be3 O-O 12. Rb1 cxd4 13. Nxd4 Nxd4 14. Bxd4 Bxa2 15. Rxb7 Bd5 16. Rxa7 Rxa7 17. Bxa7 Qa8 18. Bd4 Bxg2 19. Re1 Bh4 20. Bd3 Bf3 21. Qd2 h6 22. Qf4 Bg5 23. Qg3 f6 24. h4 Bd2 25. Re7 Rf7 26. Re6 Bd5 27. Rxf6 Re7 28. Rg6 Qa1+ 29. Bf1 Qxf1+ 30. Kxf1 Re1# 0-1

[Event "Late-Titled-Tuesday-Blitz-March-19-2024"]
[Site "Chess.com"]
[Date "2024.03.19"]
[Round "5"]
[White "Balla_Tamas"]
[Black "AndreyNeves"]
[Result "1/2-1/2"]
[WhiteElo "2395"]
[BlackElo "2122"]
[TimeControl "180+1"]
[EndTime "14:54:04 PDT"]
[Termination "Game drawn by repetition"]

1. e4 c6 2. d4 d5 3. e5 Bf5 4. h4 h6 5. g4 Bd7 6. c4 e6 7. Nc3 h5 8. g5 g6 9. f4 Ne7 10. Bd3 dxc4 11. Bxc4 Nd5 12. Nxd5 cxd5 13. Bd3 Qb6 14. Nf3 Bb5 15. O-O Bxd3 16. Qxd3 Nc6 17. Bd2 Be7 18. Bc3 Qa6 19. Qxa6 bxa6 20. Rac1 Kd7 21.
Nd2 a5 22. a4 Rab8 23. Rc2 Rhc8 24. Rfc1 Nb4 25. Bxb4 Bxb4 26. Rxc8 Rxc8 27. Rxc8 Kxc8 28. Nb3 Be1 29. Nc5 Bxh4 30. Nd3 Bg3 31. Kg2 h4 32. b3 Kc7 33. Kh3 Kc6 34. Kg2 Kc7 35. Kh3 Kc6 36. Kg2 Kc7 1/2-1/2

[Event "Late-Titled-Tuesday-Blitz-March-19-2024"]
[Site "Chess.com"]
[Date "2024.03.19"]
[Round "5"]
[White "Onischuk_V"]
[Black "TigrVShlyape"]
[Result "0-1"]
[WhiteElo "2803"]
[BlackElo "2939"]
[TimeControl "180+1"]
[EndTime "14:54:08 PDT"]
[Termination "TigrVShlyape won on time"]

1. e4 e5 2. Nf3 Nc6 3. Bb5 Nf6 4.
d3 d6 5. c3 Bd7 6. Nbd2 g6 7.
Ba4 Bg7 8. Nf1 O-O 9. Ng3 a6 10. O-O b5 11. Bc2 Na5 12. Bg5 h6 13. Be3 c5 14. h3 Qc7 15. Qd2 Kh7 16. Rad1 Rfe8 17. Rfe1 Rac8 18. Bb1 d5 19. Qe2 d4 20. Bd2 Nc6 21.
Rc1 Qd6 22. cxd4 cxd4 23. a3 Be6 24. b4 Nd7 25. h4 a5 26. bxa5 Qxa3 27. h5 Nxa5 28.
Rxc8 Rxc8 29. hxg6+ fxg6 30. Nh4 Nb3 31. Nxg6 Nxd2 0-1

[Event "Late-Titled-Tuesday-Blitz-March-19-2024"]
[Site "Chess.com"]
[Date "2024.03.19"]
[Round "5"]
[White "rikchessmx"]
[Black "Szachulec75"]
[Result "1-0"]
[WhiteElo "2302"]
[BlackElo "2183"]
[TimeControl "180+1"]
[EndTime "14:54:10 PDT"]
[Termination "rikchessmx won on time"]

1. e4 d6 2. d4 Nf6 3. Nc3 Nbd7 4. Bc4 e5 5. Nge2 Be7 6. f3 O-O 7. Be3 c6 8. Qd2 b5 9. Bb3 a5 10. a4 b4 11. Nd1 Ba6 12. g4 c5 13. c3 Rb8 14.
Bc2 Ne8 15. O-O Nb6 16. dxc5 Nc4 17. Qc1 Nxb2 18. Nxb2 Bxe2 19. Rf2 bxc3 20. Nd3 Bxd3 21.
Bxd3 dxc5 22. Qxc3 f6 23. Rd2 Qc7 24. Rad1 Nd6 25. Bc4+ Kh8 26. Be6 c4 27. Rd5 Rb3 28.
Qe1 c3 29. Rc1 1-0

[Event "Late-Titled-Tuesday-Blitz-March-19-2024"]
[Site "Chess.com"]
[Date "2024.03.19"]
[Round "5"]
[White "Legendinunknown"]
[Black "Zq1"]
[Result "1-0"]
[WhiteElo "2830"]
[BlackElo "2628"]
[TimeControl "180+1"]
[EndTime "14:54:11 PDT"]
[Termination "Legendinunknown won by resignation"]

1. d4 Nf6 2. c4 a6 3. Nc3 c5 4. dxc5 e6 5. e4 Qc7 6. Nf3 Bxc5 7. Be2 Be7 8. e5 Ng4 9. Bf4 Nc6 10. O-O Ngxe5 11.
Nxe5 Nxe5 12. Bg3 d6 13. Ne4 O-O 14. c5 dxc5 15. f4 Nc6 16. f5 Qd8 17. f6 Qxd1 18. Raxd1 gxf6 19. Nxf6+ Kg7 20. Nh5+ Kh8 21. Bd6 Bxd6 22.
Rxd6 Nd4 23. Bd3 f5 24. g4 b5 25. gxf5 exf5 26. Kf2 Bb7 27. Re1 Be4 28. Bxe4 fxe4+ 29. Kg2 Rg8+ 30. Ng3 Nf5 31. Re6 Nh4+ 32. Kh1 Nf3 33. Re3 Rad8 34. R6xe4 Rd1+ 35. Kg2 Nh4+ 36. Rxh4 Rd2+ 37.
Kh3 Rxb2 38. Re7 Rg7 39. Re8+ Rg8 40. Re6 Rxa2 41. Rh5 c4 42. Nf5 Ra3+ 43. Kh4 Rf3 44.
Rxh7+ 1-0

[Event "Late-Titled-Tuesday-Blitz-March-19-2024"]
[Site "Chess.com"]
[Date "2024.03.19"]
[Round "5"]
[White "tylityli"]
[Black "Stanbad1"]
[Result "0-1"]
[WhiteElo "2325"]
[BlackElo "2582"]
[TimeControl "180+1"]
[EndTime "14:54:11 PDT"]
[Termination "Stanbad1 won on time"]

1. d4 Nf6 2. c4 c5 3. d5 b5 4.
Nd2 g6 5. b3 Bg7 6. Bb2 d6 7. e4 b4 8. Bd3 O-O 9. Ne2 a5 10. O-O a4 11. bxa4 Bd7 12. Bc2 Qe8 13. h3 Bxa4 14. e5 Nfd7 15. Bxa4 dxe5 16. Ne4 Qd8 17. Bc6 Ra6 18. Bb5 Rb6 19. a3 f5 20.
Ng5 Qc8 21. Ne6 Rf7 22. Qb3 Bf6 23. axb4 cxb4 24. Qxb4 Nf8 25. Nc5 e6 26. dxe6 Nxe6 27. Nxe6 Qxe6 28. Ra8 Kg7 29. Nc3 Be7 30. Qa5 Bc5 31.
Nd5 Rbb7 32. Qc3 Bd4 33. Qc2 Nc6 34. Bxc6 Rxb2 35. Qa4 Qd6 36. Ra5 e4 37. Ne3 Bxe3 38.
fxe3 Qg3 0-1